 Dungeon Crawl Stone Soup version 0.30.0-30-g96aa6591b8 (webtiles) character file.

Game seed: 6249021318307002516

6157 gifu the Cleaver (level 10, -2/92 HPs)
             Began as a Hill Orc Monk on May 14, 2023.
             Was an Elder of Wu Jian.
             Slain by a wolf (6 damage)
             ... in a bailey on June 27, 2023.
             The game lasted 01:34:37 (6059 turns).

gifu the Cleaver (Hill Orc Monk)                    Turns: 6059, Time: 01:34:38

Health: -2/92      AC: 13    Str: 21    XL:     10   Next: 90%
Magic:  0/19       EV: 13    Int: 10    God:    Wu Jian [****..]
Gold:   487        SH:  0    Dex: 13    Spells: 7/9 levels left

rFire   . . .        s - +2 war axe (heavy)
rCold   + . .        d - orb {light}
rNeg    . . .        a - +0 acid dragon scales
rPois   .            q - +2 hat of the Bear Spirit {Spirit, Bear, *Rage Will++}
rElec   .            D - +0 cloak
rCorr   +            i - +0 pair of gloves
SInv    .            P - +0 pair of boots
Will    +++..        (no amulet)
Stlth   +            z - ring of the Reasonable Plum {rF+ Will+ MP+9 Str+4 Dex-2}
HPRegen 0.35/turn    o - ring of ice
MPRegen 0.16/turn

%: random rage (20%), guardian spirit
@: on berserk cooldown, glowing
A: no striking features
a: Renounce Religion, Wall Jump, Serpent's Lash


You were in a bailey.
You worshipped Wu Jian.
Wu Jian was greatly pleased with you.
You visited 2 branches of the dungeon, and saw 10 of its levels.
You also visited: Bailey.

You collected 743 gold pieces.
You spent 256 gold pieces at shops.

Inventory:

Hand Weapons
 g - a +2 dagger of venom
 h - a +2 short sword of draining
 s - a +2 heavy war axe (weapon)
 v - the +2 whip of Ashenzari {elec, Str+2 Int+5}
   (You found it on level 4 of the Dungeon)

   Str:       It affects your strength (+2).
   Int:       It affects your intelligence (+5).
 y - a +1 dagger of holy wrath
 K - the +9 falchion of the Key {freeze, rF- rN+ Stlth+}
   (You found it on level 7 of the Dungeon)

   rF:        It makes you vulnerable to fire.
   rN:        It protects you from negative energy.
   Stlth:     It makes you more stealthy.
 M - the +2 trident of Capital Punishment {antimagic, rPois}
   (You found it on level 8 of the Dungeon)

   rPois:     It protects you from poison.
 O - a +1 war axe of freezing
 R - a +0 sling of flaming
Missiles
 l - 47 stones (quivered)
 m - 25 poisoned darts
 S - 2 throwing nets
Armour
 a - +0 acid dragon scales (worn)
 b - a +1 robe
 d - an orb of light (worn)
 e - a +1 helmet
 i - a +0 pair of gloves (worn)
 q - the +2 hat of the Bear Spirit (worn) {Spirit, Bear, *Rage Will++}
   (You found it on level 7 of the Dungeon)

   Bear:      Going berserk makes the wearer exceptionally tough, and they are
   slowed for a shorter time afterward.
   *Rage:     It berserks you when you make melee attacks (+20% chance).
   Will:      It greatly increases your willpower.
 D - a +0 cloak (worn)
 J - +0 steam dragon scales
 P - a +0 pair of boots (worn)
Jewellery
 f - a +6 ring of intelligence
 o - a ring of ice (right hand)
 x - a +6 ring of strength
 z - the ring of the Reasonable Plum (left hand) {rF+ Will+ MP+9 Str+4 Dex-2}
   (You found it on level 5 of the Dungeon)

   [ring of protection from fire]

   Str:       It affects your strength (+4).
   Dex:       It affects your dexterity (-2).
   rF:        It protects you from fire.
   MP:        It affects your magic capacity (+9).
   Will:      It increases your willpower.
Wands
 u - a wand of mindburst (13)
 A - a wand of flame (23)
 C - a wand of polymorph (5)
Scrolls
 j - 6 scrolls of poison
 k - 3 scrolls of teleportation
 p - 2 scrolls of amnesia
 E - a scroll of immolation
 Q - a scroll of butterflies {unknown}
Potions
 c - a potion of ambrosia
 n - 2 potions of might
 r - 2 potions of berserk rage
 w - a potion of lignification
 B - a potion of resistance
 G - a potion of attraction
 H - a potion of haste {unknown}
 L - 2 potions of mutation {unknown}
 N - a potion of degeneration {unknown}


   Skills:
 + Level 9.6 Fighting
 + Level 4.5 Short Blades
 + Level 13.9 Axes
 + Level 4.1 Throwing
 + Level 6.8 Armour
 + Level 5.9 Dodging
 + Level 3.5 Stealth
 + Level 1.0 Evocations


You had 7 spell levels left.
You knew the following spells:

 Your Spells              Type           Power      Damage    Failure   Level
a - Static Discharge      Conj/Air       0%         2-2/arc   56%         2

Your spell library contained the following spells:

 Spells                   Type           Power      Damage    Failure   Level
 Sublimation of Blood     Necr           0%         N/A       56%         2
 Wereblood                Tmut           0%         N/A       56%         2
 Ozocubu's Armour         Ice            0%         N/A       80%         3
 Stone Arrow              Conj/Erth      0%         3d7       80%         3
 Vhi's Electric Charge    Tloc/Air       0%         N/A       80%         3
 Airstrike                Air            0%         2d(0-16)  99%         4
 Animate Armour           Summ/Erth      0%         N/A       99%         4
 Summon Lightning Spire   Summ/Air       0%         N/A       99%         4
 Arcjolt                  Conj/Air       0%         1d10      100%        5
 Fireball                 Conj/Fire      0%         3d3       100%        5
 Iskenderun's Battlesphe  Conj           0%         2d6       100%        5
 Metabolic Englaciation   Hex/Ice        0%         N/A       100%        5
 Conjure Ball Lightning   Conj/Air       0%         3x3d6     100%        6
 Simulacrum               Ice/Necr       0%         N/A       100%        6
 Orb of Destruction       Conj           0%         9d5       100%        7
 Summon Hydra             Summ           0%         N/A       100%        7
 Lehudib's Crystal Spear  Conj/Erth      0%         10d2      100%        8
 Maxwell's Capacitive Co  Air            0%         ∞         100%        8


Dungeon Overview and Level Annotations

Branches:
Dungeon (9/15)             Temple (1/1) D:4          Bailey (1/1)
   Lair: D:8-11         Orc: D:9-12

Altars:
Ashenzari
Cheibriados
Elyvilon
Fedhas
Hepliaklqana
Kikubaaqudgha
Okawaru
Ru
Sif Muna
Trog
Uskayaw
Wu Jian
Xom
The Shining One
Beogh

Shops:
D:1 [([   D:3 (

Annotations:
D:4 1 runed translucent door, G0Dl1kE's ghost, novice HuMo


Message History

The Council accepts your kill. The wolf closely misses you.
The wolf bites you but does no damage. The gnoll hits you but does no damage.
The gnoll sergeant hits you from afar with a +0 halberd.
The wolf closely misses you. The wolf misses you.
The gnoll hits you from afar with a +0 trident!
The gnoll sergeant barely misses you.
You barely miss the wolf.
The wolf is heavily wounded.
You slash the wolf! The wolf bites you but does no damage. The wolf misses you.
The wolf bites you. The wolf barely misses you.
The gnoll hits you from afar with a +0 trident.
* * * LOW HITPOINT WARNING * * *
The gnoll sergeant hits you from afar with a +0 halberd!
* * * LOW HITPOINT WARNING * * *
The wolf barely misses you. x2; The gnoll sergeant closely misses you.
The gnoll hits you but does no damage.
Blink to where?
Press: ? - help, Dir - move target
As you read the scroll of blinking, it crumbles to dust.
There is an open door, spattered with blood here.
Things that are here:
a +0 spear; a +0 ring mail; a gnoll corpse
Okay, then.
You slash the wolf!
You kill the wolf!
The Council accepts your kill. The wolf bites you but does no damage.
You closely miss the wolf.
The wolf is severely wounded.
The wolf closely misses you. The wolf bites you but does no damage.
The wolf bites you!
* * * LOW HITPOINT WARNING * * *
The wolf bites you!
* * * LOW HITPOINT WARNING * * *
You hit the wolf.
The wolf is severely wounded.
You feel yourself speed up. The wolf bites you!
You die...

......)).......♣♣
≈≈≈≈≈≈...≈≈≈≈≈≈≈♣♣
...............≈≈♣
................≈♣
######)''######.≈♣
#...# #.≈♣ #.).#
##≈♣ #...# ≈♣
##@## ≈♣ ##.h.##
≈♣ ##.....## ≈♣
#....g..# #
#...8g..# #.
#.......# #..
##.....## #..g
##)..## #8..g
##)##


You could see a gnoll sergeant, a wolf and a gnoll.

Vanquished Creatures
  The ghost of ripuliukko the Thaumaturge, a novice DEEE of Vehumet (D:7)
  Maggie (D:7)
  Grinder (D:4)
  A hornet (D:8)
  2 steam dragons
  4 water moccasins
  3 orc warriors (D:7)
  A sky beast (D:6)
  3 ogres
  3 wolves (Bailey)
  3 phantoms
  2 kobold brigands
  4 bullfrogs
  2 gnoll sergeants (Bailey)
  3 scorpions
  12 wights
  2 howler monkeys (D:7)
  A lava snake (D:7)
  4 hounds
  2 jellies
  6 orc priests
  A sleepcap (D:7)
  2 gnoll boudas (Bailey)
  4 iguanas
  6 orc wizards
  9 adders
  16 gnolls
  A white imp (D:5)
  2 dart slugs
  34 orcs
  8 ball pythons
  2 bats
  9 endoplasms
  3 giant cockroaches
  4 goblins
  6 hobgoblins
  10 jackals
  2 quokkas
  3 frilled lizards
  20 kobolds
  10 rats
213 creatures vanquished.

Notes
Turn   | Place    | Note
-------+----------+-------------------------------------------
     0 | D:1      | gifu the Hill Orc Monk began the quest for the Orb.
     0 | D:1      | Reached XP level 1. HP: 19/19 MP: 1/1
    57 | D:1      | Reached XP level 2. HP: 27/27 MP: 2/2
   174 | D:1      | Reached XP level 3. HP: 32/33 MP: 3/3
   453 | D:1      | Found Nustavoe's Armour Boutique.
   466 | D:1      | Found Noyt's Armour Boutique.
   502 | D:1      | Reached skill level 5 in Axes
   839 | D:2      | Reached XP level 4. HP: 28/41 MP: 4/4
   859 | D:2      | Reached skill level 6 in Axes
  1074 | D:2      | Reached XP level 5. HP: 47/47 MP: 5/5
  1212 | D:3      | Found a white marble altar of Elyvilon.
  1268 | D:3      | Upgraded the game from 0.30.0-10-gfe55d96785 to
                  | 0.30.0-30-g96aa6591b8
  1610 | D:3      | Reached skill level 5 in Fighting
  1752 | D:3      | Found Kulosh's Weapon Shop.
  1768 | D:3      | Bought a +2 heavy war axe for 256 gold pieces
  1773 | D:3      | Reached XP level 6. HP: 51/56 MP: 6/6
  1798 | D:4      | Noticed a steam dragon
  1798 | D:4      | Noticed G0Dl1kE's ghost (novice HuMo)
  1798 | D:4      | Found a runed translucent door.
  1840 | D:4      | Reached skill level 7 in Axes
  2195 | D:4      | Found a staircase to the Ecumenical Temple.
  2204 | Temple   | Entered the Ecumenical Temple
  2221 | Temple   | Became a worshipper of the Wu Jian Council
  2221 | Temple   | Reached * piety under Wu Jian
  2221 | Temple   | Reached ** piety under Wu Jian
  2231 | Temple   | Learned a level 2 spell: Static Discharge
  2318 | D:4      | Noticed Grinder
  2327 | D:4      | Killed Grinder
  2328 | D:4      | Reached skill level 1 in Short Blades
  2328 | D:4      | Reached XP level 7. HP: 48/62 MP: 7/7
  2329 | D:4      | Identified the +2 whip of Ashenzari {elec, Str+2 Int+5}
  2420 | D:4      | Reached skill level 1 in Throwing
  2535 | D:5      | Entered Level 5 of the Dungeon
  2541 | D:5      | Identified the ring of the Reasonable Plum {rF+ Will+ MP+9
                  | Str+4 Dex-2}
  2553 | D:5      | Reached skill level 8 in Axes
  2714 | D:5      | Reached skill level 11 in Axes
  2714 | D:5      | Reached skill level 5 in Dodging
  2714 | D:5      | Reached XP level 8. HP: 74/74 MP: 8/8
  2725 | D:5      | Reached XP level 9. HP: 77/81 MP: 9/9
  3160 | D:6      | Found a hazy altar of Hepliaklqana.
  3406 | D:6      | Found a glowing golden altar of the Shining One.
  3621 | D:7      | Noticed Maggie
  3628 | D:7      | Killed Maggie
  3629 | D:7      | Reached skill level 12 in Axes
  3717 | D:7      | Reached *** piety under Wu Jian
  3926 | D:7      | Identified the +9 falchion of the Key {freeze, rF- rN+
                  | Stlth+}
  4014 | D:7      | Found a runed translucent gate.
  4015 | D:7      | Found a runed translucent gate.
  4015 | D:7      | Noticed ripuliukko's ghost (novice DEEE)
  4046 | D:7      | Reached XP level 10. HP: 90/90 MP: 10/10
  4203 | D:7      | Found a runed translucent gate.
  4215 | D:7      | Found a roughly hewn altar of Beogh.
  4215 | D:7      | Found the +2 hat of the Bear Spirit {Spirit, Bear, *Rage
                  | Will++}
  4233 | D:7      | Killed ripuliukko's ghost
  4234 | D:7      | Reached skill level 13 in Axes
  4718 | D:8      | Found a broken altar of Ashenzari.
  4785 | D:8      | Reached skill level 1 in Evocations
  4916 | D:8      | Reached **** piety under Wu Jian
  5051 | D:8      | Identified the +2 trident of Capital Punishment {antimagic,
                  | rPois}
  5080 | D:8      | Paralysed by a hornet for 2 turns
  5914 | D:9      | Found a flagged portal.
  5923 | Bailey   | Entered a bailey
  6058 | Bailey   | HP: 4/92 [wolf (6)]
  6059 | Bailey   | Slain by a wolf

Illustrated notes

Levels and vault maps discovered:
D:1:      dpeg_arrival_pits, layout_rooms, serial_shops, shop, shop,
          nicolae_shop_trees, nicolae_shop_rolling_square
D:2:      layout_loops_ring, minmay_gold_behind_fungi
D:3:      layout_basic, nicolae_elyvilon_peaceful_grove, serial_shops,
          nicolae_shop_bloodbath_and_beyond, dreamdust_mushroom_princess
D:4:      layout_gridville, lemuel_temple_firewalk_a, ebering_ghost_inner_flame,
          nicolae_figureground_sparkle, uniq_grinder
D:5:      layout_loops_ring, serial_glass, glass_columns_a, glass_columns_a,
          glass_columns_a, glass_columns_a, glass_columns_b, glass_columns_a
D:6:      layout_loops_ring, tso_altar, mainiacjoe_overflow_cross_hatched,
          minitemple
D:7:      layout_rooms, biasface_ghost_orc_armoury, kennysheep_potato,
          uniq_maggie
D:8:      layout_loops_corners, evilmike_ruin_ashenzari
D:9:      layout_basic, mainiacjoe_overflow_tiny_flanked, enter_bailey_8
Temple:   hellmonk_temple_rainy
Bailey:   bailey_polearm_gnolls_kennysheep, bailey

Skill      XL: |  1  2  3  4  5  6  7  8  9 10 |
---------------+-------------------------------+-----
Fighting       | 4 5 7 8 9 |  9.6
Axes           | 5 6 7 11 12 13 | 13.9
Dodging        | 3 5 |  5.9
Short Blades   | 1 4 |  4.5
Throwing       | 3 4 |  4.1
Armour         | 6 |  6.8
Stealth        | 3 |  3.5
Evocations     | 1 |  1.0

Action                     |  1- 3 |  4- 6 |  7- 9 | 10-12 || total
---------------------------+-------+-------+-------+-------++-------
  Melee: Hand axe          |   108 |    57 |       |       ||   165
         Dagger            |       |    47 |       |       ||    47
         War axe           |       |    30 |   116 |   130 ||   276
  Throw: Stone             |       |    16 |     7 |     1 ||    24
         Dart              |       |     3 |    11 |     8 ||    22
         Throwing net      |       |       |       |     1 ||     1
Ability: Lunge             |       |     1 |    14 |    19 ||    34
         Whirlwind         |       |       |       |     1 ||     1
  Evoke: Wand              |       |       |     4 |     1 ||     5
    Use: Potion            |     2 |       |     1 |     5 ||     8
         Scroll            |     3 |     8 |     5 |     3 ||    19
   Stab: Held in net/web   |       |       |       |     1 ||     1
 Armour: Robe              |    21 |    18 |       |       ||    39
         Ring mail         |       |     4 |    25 |       ||    29
         Acid dragon scale |       |       |    12 |    48 ||    60
  Dodge: Dodged            |    55 |    80 |    58 |   105 ||   298
